 Dungeon Crawl Stone Soup version 0.30-a0-576-g89cddaab80 (webtiles) character file.

Game seed: 3379350010371920850

182189 experimilk the Scorcher (level 17, -9/119 HPs)
             Began as a Red Draconian Conjurer on Dec 30, 2022.
             Was the Champion of Vehumet.
             Killed from afar by a shock serpent (17 damage)
             ... with a bolt of electricity
             ... on level 4 of the Snake Pit.
             The game lasted 02:41:27 (43603 turns).

experimilk the Scorcher (Red Draconian Conjurer)   Turns: 43603, Time: 02:41:28

Health: -9/119     AC: 14    Str: 14    XL:     17   Next: 70%
Magic:  40/45      EV: 20    Int: 25    God:    Vehumet [******]
Gold:   135        SH:  5    Dex:  9    Spells: 3/46 levels left

rFire   + + .      SeeInvis .    T - +8 broad axe "Tufrefy" {speed, Will+}
rCold   + . .      Faith    .    m - +0 buckler
rNeg    . . .      Spirit   .    (body armour unavailable)
rPois   .          Reflect  .    q - +0 hat
rElec   .          Harm     .    v - +2 cloak
rCorr   .          Rampage  .    h - +0 pair of gloves
Will    ++...                    l - +0 pair of boots
Stlth   ++                       M - amulet of magic regeneration
HPRegen 0.39/turn                s - ring "Soruxywk" {rC+ MP+9}
MPRegen 0.69/turn                g - +5 ring of evasion

@: no status effects
A: breathe fire, AC +9, unfitting armour, fire resistance 2, cold-blooded,
strong 1
a: Breathe Fire, Renounce Religion


You were on level 4 of the Snake Pit.
You worshipped Vehumet.
Vehumet was exalted by your worship.
You visited 5 branches of the dungeon, and saw 27 of its levels.
You also visited: Ossuary and Gauntlet.

You collected 3705 gold pieces.
You spent 3570 gold pieces at shops.

Inventory:

Hand Weapons
 T - the +8 broad axe "Tufrefy" (weapon) {speed, Will+}
   (You bought it in a shop on level 11 of the Dungeon)

   Attacks with this weapon are significantly faster.
   Will:      It increases your willpower.
Armour
 e - a +2 kite shield of positive energy
 h - a +0 pair of gloves (worn)
 l - a +0 pair of boots (worn)
 m - a +0 buckler (worn)
 q - a +0 hat (worn)
 v - a +2 cloak (worn)
Jewellery
 g - a +5 ring of evasion (right hand)
 i - a ring of resist corrosion
 s - the ring "Soruxywk" (left hand) {rC+ MP+9}
   (You bought it in a shop on level 5 of the Dungeon)

   [ring of magical power]

   rC:        It protects you from cold.
   MP:        It affects your magic capacity (+9).
 w - a ring of protection from cold
 M - an amulet of magic regeneration (around neck)
 Q - a ring of willpower
Wands
 p - a wand of roots (33)
 r - a wand of charming (6)
 B - a wand of acid (39)
 H - a wand of mindburst (19)
 N - a wand of digging (7)
Scrolls
 c - 12 scrolls of teleportation
 d - 7 scrolls of immolation
 f - 8 scrolls of fog
 k - 5 scrolls of blinking
 o - 6 scrolls of silence
 t - 6 scrolls of poison
 y - 2 scrolls of butterflies
 C - a scroll of brand weapon
 D - 7 scrolls of torment
 E - 2 scrolls of vulnerability
 I - 11 scrolls of fear
 O - 7 scrolls of enchant weapon
 W - 7 scrolls of magic mapping
Potions
 b - 14 potions of curing
 j - 10 potions of brilliance
 n - 4 potions of ambrosia
 u - 8 potions of lignification
 x - 3 potions of mutation
 z - a potion of flight
 A - 7 potions of haste
 F - a potion of cancellation
 G - 7 potions of heal wounds
 J - a potion of resistance
 L - a potion of berserk rage
 R - 3 potions of invisibility
 U - 5 potions of might
 Z - a potion of magic
Miscellaneous
 a - a tin of tremorstones (2/2)
 P - a phial of floods
 S - a lightning rod (2/4)
 V - a box of beasts
 X - a phantom mirror


   Skills:
 - Level 3.0 Fighting
 - Level 13.0 Dodging
 - Level 1.7 Stealth
 - Level 7.0 Shields
 * Level 15.4 Spellcasting
 + Level 16.4 Conjurations
 - Level 7.0 Summonings
 - Level 17.0 Fire Magic
 - Level 9.0 Earth Magic
 - Level 9.0 Evocations


You had 3 spell levels left.
You knew the following spells:

 Your Spells              Type           Power      Damage    Failure   Level
a - Starburst             Conj/Fire      40%        6d11      1%          6
b - Iskenderun's Battles  Conj           80%        2d13      1%          5
c - Foxfire               Conj/Fire      100%       2x1d9     0%          1
f - Spellforged Servitor  Conj/Summ      33%        N/A       7%          7
g - Summon Guardian Gole  Hex/Summ       36%        N/A       2%          3
m - Sticky Flame          Conj/Fire      80%        2d9       1%          4
p - Magic Dart            Conj           100%       1d8       0%          1
v - Scorch                Fire           100%       2d10      0%          2
x - Ignition              Fire           40%        3d12      6%          8
z - Iron Shot             Conj/Erth      35%        9d7       1%          6

Your spell library contained the following spells:

 Spells                   Type           Power      Damage    Failure   Level
 Searing Ray              Conj           100%       2d8       0%          2
 Freeze                   Ice            76%        1d8       1%          1
 Shock                    Conj/Air       100%       1d9       1%          1
 Poisonous Vapours        Pois/Air       38%        N/A       1%          2
 Dazzling Flash           Conj/Hex       100%       N/A       1%          3
 Hailstorm                Conj/Ice       57%        3d12      1%          3
 Inner Flame              Hex/Fire       58%        N/A       1%          3
 Mephitic Cloud           Conj/Pois/Air  46%        N/A       1%          3
 Stone Arrow              Conj/Erth      100%       3d13      1%          3
 Apportation              Tloc           38%        N/A       3%          1
 Beastly Appendage        Tmut           38%        N/A       3%          1
 Sting                    Tmut/Pois      76%        1d6       3%          1
 Frozen Ramparts          Ice            38%        1d6       3%          3
 Cigotuvi's Dreadful Rot  Necr/Pois/Air  38%        N/A       5%          2
 Sublimation of Blood     Necr           19%        N/A       5%          2
 Wereblood                Tmut           19%        N/A       5%          2
 Spider Form              Tmut/Pois      19%        N/A       11%         3
 Swiftness                Air            19%        N/A       11%         3
 Tukima's Dance           Hex            19%        N/A       11%         3
 Flame Wave               Conj/Fire      80%        2d17      1%          4
 Fulminant Prism          Conj/Hex       28%        3d14      1%          4
 Iskenderun's Mystic Bla  Conj/Tloc      57%        2d12      1%          4
 Fireball                 Conj/Fire      40%        3d16      1%          5
 Irradiate                Conj/Tmut      28%        3d21      1%          5
 Orb of Destruction       Conj           40%        9d11      1%          7
 Petrify                  Tmut/Erth      41%        N/A       5%          4
 Airstrike                Air            9%         2d(2-18)  10%         4
 Olgreb's Toxic Radiance  Pois           19%        N/A       10%         4
 Borgnjor's Vile Clutch   Necr/Erth      20%        N/A       16%         5
 Yara's Violent Unravell  Hex/Tmut       9%         3d6       24%         5
 Anguish                  Hex/Necr       9%         N/A       34%         4
 Cause Fear               Hex            9%         N/A       34%         4
 Dispel Undead            Necr           19%        3d11      34%         4
 Passage of Golubria      Tloc           19%        N/A       34%         4
 Statue Form              Tmut/Erth      27%        N/A       65%         6
 Alistair's Intoxication  Tmut/Pois      12%        N/A       69%         5
 Metabolic Englaciation   Hex/Ice        9%         N/A       69%         5
 Eringya's Noxious Bog    Tmut/Pois      9%         N/A       77%         6
 Death Channel            Necr           9%         N/A       99%         6
 Enfeeble                 Hex            9%         N/A       100%        7
 Discord                  Hex            9%         N/A       100%        8


Dungeon Overview and Level Annotations

Branches:
Dungeon (15/15)            Temple (1/1) D:5            Lair (5/5) D:8
  Swamp (0/4) Lair:3        Snake (4/4) Lair:3        Slime (0/5) Lair:5
    Orc (2/2) D:9             Elf (0/3) Orc:2        Vaults (0/5) D:14
 Depths (0/4) D:15        Ossuary (visited)         Gauntlet (visited)

Altars:
Ashenzari
Dithmenos
Elyvilon
Gozag
Kikubaaqudgha
Makhleb
Nemelex Xobeh
Qazlal
Ru
Sif Muna
Trog
Uskayaw
Vehumet
Xom
Zin
The Shining One
Jiyva

Shops:
D:5 =   D:7 *   D:8 :[[?   D:10 :   D:11 (   Orc:1 *   Orc:2 ?![(   Snake:2 ?[[

Annotations:
D:5 2 runed translucent doors
Lair:5 1 runed translucent door


Innate Abilities, Weirdness & Mutations

You can breathe blasts of fire.
Your fiery red scales are hard. (AC +9)
You cannot fit into any form of body armour.
Your flesh is very heat resistant. (rF++)
You are cold-blooded and may be slowed by cold attacks.
Your muscles are strong. (Str +4, Int/Dex -1)


Message History

Press: ? - help, Shift-Dir - straight line, f/p - guardian serpent
Aim: a guardian serpent (almost dead, ally target, 60% to hit)
The iron shot misses the guardian serpent.
Your battlesphere fires!
The barrage of energy hits the guardian serpent!
You kill the guardian serpent!
Vehumet accepts your kill.
You start resting.
Your battlesphere wavers and loses cohesion.
Casting: Iron Shot (dangerous; 1% risk of failure)
Confirm with . or Enter, or press ? or * to list all spells.
You conjure a globe of magical energy.
You start resting.
Magic restored.
You open the door.
There is an open door here.
You open the large door.
A shock serpent comes into view.
The shock serpent hisses angrily.
Found a scroll of identify.
The shock serpent shoots out a bolt of lightning at you!
The bolt of electricity hits you! The bolt of electricity hits you!!
There is a large open door here.
Casting: Iskenderun's Battlesphere (safe; 1% risk of failure)
Confirm with . or Enter, or press ? or * to list all spells.
Aiming: Iron Shot (dangerous; 1% risk of failure)
Press: ? - help, Shift-Dir - straight line, f - shock serpent
Aim: a shock serpent (57% to hit)
The iron shot hits the shock serpent!!
The shock serpent is severely wounded.
The shock serpent's electric aura discharges, shocking you!
The shock serpent shoots out a bolt of lightning at you!
The bolt of electricity hits you!! The bolt of electricity hits you!
* * * LOW HITPOINT WARNING * * *
You swap places.
The shock serpent shoots out a bolt of lightning at you!
The bolt of electricity hits you!
* * * LOW HITPOINT WARNING * * *
The bolt of electricity hits you!
You die...

........###.# ....#.#
###......##.# ......# #
.)#.........###....? #
))รท.........# ..... #
..#.........# .S.. #
.###........# #..
...#...##...#.#'# #######
##.#...##...#.*'### #......
.###...##...#..#@.# ### #......
............#####'####..# #......
........................#..######
.......................## #...#.
.###.(................## #...#.
.# ##.................# #...#
.####..##########'#..## ##....
.##..###...#..#.#.#..## #.....
####.#.#.......#.##...# #.#...


You could see a shock serpent (ally target) and a friendly battlesphere.

Vanquished Creatures
  Agnes (D:14)
  Kirke (D:15)
  A nagaraja (Snake:1)
  An orc warlord (Orc:1)
  A stone giant (D:15)
  A minotaur (Gauntlet)
  An ettin (D:14)
  Snorg (Orc:1)
  Josephine (D:13)
  2 salamander tyrants (Snake:3)
  Harold (Orc:1)
  9 centaur warriors
  Erica (D:9)
  8 hydras
  An ogre mage (D:11)
  8 two-headed ogres
  5 boulder beetles
  A death knight (D:15)
  10 anacondas
  2 catoblepae
  A deep troll shaman (Lair:5)
  A boulder beetle (shapeshifter) (D:14)
  5 tengu warriors
  15 naga warriors
  Urug (Orc:1)
  4 death yaks (Lair:5)
  6 shock serpents
  7 naga sharpshooters
  2 thrashing horrors (Gauntlet)
  3 orc high priests (Orc:2)
  3 salamander mystics (Snake:3)
  Sonja (D:13)
  2 skeletal warriors
  3 naga ritualists
  2 lindwurms
  Pikel (D:4)
  2 deep elf pyromancers
  An oklob plant (Snake:2)
  4 orc knights (Orc:2)
  2 phantasmal warriors (D:15)
  9 mana vipers
  A nameless horror (Snake:3)
  12 ugly things
  4 orc sorcerers
  7 cyclopes
  A wolf spider (shapeshifter) (D:14)
  16 salamanders
  5 manticores
  Maurice (D:11)
  20 elephants
  Joseph (Lair:1)
  An ice statue (Gauntlet)
  8 guardian serpents
  33 black mambas
  4 gargoyles
  25 naga magi
  3 torpor snails
  8 cane toads
  3 unseen horrors (D:11)
  2 freezing wraiths
  4 rime drakes
  2 efreet (D:15)
  A komodo dragon (shapeshifter) (D:11)
  2 tengu conjurers
  7 komodo dragons
  3 meliai (D:13)
  7 polar bears
  Grinder (D:5)
  3 hornets (Gauntlet)
  8 trolls
  11 dream sheep
  11 blink frogs
  18 slime creatures
  2 centaur simulacra
  2 vampires (D:11)
  Sigmund (D:2)
  8 wraiths
  4 wyverns
  2 shadows
  30 yaks
  4 basilisks
  4 hogs
  A steam dragon (D:10)
  15 vampire mosquitoes
  Menkaure (Ossuary)
  55 nagas
  A warg (Orc:1)
  5 acid dragons
  15 water moccasins
  17 orc warriors
  2 black bears
  3 small abominations (Gauntlet)
  A black bear (shapeshifter) (D:14)
  2 boggarts
  18 wolves
  18 centaurs
  3 ogres
  3 phantoms (D:5)
  2 necrophages
  A gnoll sergeant (D:10)
  10 bullfrogs
  6 scorpions
  A water moccasin zombie (D:5)
  10 wights
  A wyvern skeleton (D:5)
  A water moccasin skeleton (D:5)
  13 killer bees
  A howler monkey (D:5)
  3 centaur zombies (D:5)
  A bullfrog zombie (D:5)
  A centaur skeleton (D:5)
  4 hounds
  Crazy Yiuf (D:2)
  20 orc priests
  A jelly (D:6)
  3 bullfrog skeletons (D:5)
  5 iguanas
  20 orc wizards
  A scorpion zombie (D:5)
  Natasha (twice) (D:2)
  6 hell rats (Lair:1)
  A killer bee zombie (D:5)
  3 mummies (Ossuary)
  3 gnolls (D:10)
  8 adders
  3 white imps
  4 ufetubi
  2 adder skeletons (D:5)
  3 worms
  A dart slug (D:2)
  66 orcs
  3 ball pythons
  3 bats
  6 endoplasms
  3 giant cockroaches
  3 gnoll zombies (Ossuary)
  4 goblins
  4 hobgoblins
  4 jackals (D:5)
  3 quokkas
  3 frilled lizards
  5 gnoll skeletons (Ossuary)
  3 goblin skeletons (Ossuary)
  3 goblin zombies (Ossuary)
  6 hobgoblin skeletons (Ossuary)
  A hobgoblin zombie (Ossuary)
  5 kobolds
  9 kobold skeletons (Ossuary)
  8 kobold zombies (Ossuary)
  An orc skeleton (Ossuary)
  5 orc zombies (Ossuary)
  5 rats
  A rat skeleton (Ossuary)
  5 rat zombies (Ossuary)
  7 foxfires
890 creatures vanquished.

Vanquished Creatures (collateral kills)
  Louise (Snake:3)
  2 salamander tyrants (Snake:4)
  3 anacondas
  A naga sharpshooter (Snake:2)
  5 naga warriors
  2 salamander mystics
  2 naga ritualists
  A mana viper (Snake:4)
  6 salamanders
  A guardian serpent (Snake:4)
  3 black mambas
  6 naga magi
  6 nagas
  20 foxfires
59 creatures vanquished.

Vanquished Creatures (others)
  A naga warrior (Snake:2)
  A naga sharpshooter (Snake:4)
  A guardian serpent (Snake:3)
  A human (D:15)
  A naga (Snake:3)
  1334 foxfires
  18 fungi
  54 plants
  A withered plant (D:5)
1412 creatures vanquished.

Grand Total: 2361 creatures vanquished

Notes
Turn   | Place    | Note
-------+----------+-------------------------------------------
     0 | D:1      | experimilk the Draconian Conjurer began the quest for the
                  | Orb.
     0 | D:1      | Reached XP level 1. HP: 14/14 MP: 3/3
   344 | D:1      | Reached XP level 2. HP: 20/20 MP: 3/5
   347 | D:1      | Learned a level 2 spell: Searing Ray
   741 | D:2      | Noticed Natasha
   748 | D:2      | Killed Natasha
   749 | D:2      | Reached XP level 3. HP: 20/26 MP: 0/6
   884 | D:2      | You fall into a shaft and drop 2 floors!
   927 | D:4      | Reached skill level 5 in Conjurations
   988 | D:4      | Reached XP level 4. HP: 33/33 MP: 3/8
  1116 | D:4      | Reached XP level 5. HP: 25/38 MP: 0/9
  1782 | D:2      | Noticed Sigmund
  1789 | D:2      | Gained mutation: You occasionally shout uncontrollably at
                  | your foes. [potion of mutation]
  1789 | D:2      | Gained mutation: You have large cloven feet. [potion of
                  | mutation]
  2154 | D:1      | Lost mutation: You have large cloven feet. [potion of
                  | mutation]
  2154 | D:1      | Lost mutation: You occasionally shout uncontrollably at
                  | your foes. [potion of mutation]
  2154 | D:1      | Gained mutation: You are strong-willed. (Will+) [potion of
                  | mutation]
  2154 | D:1      | Gained mutation: You possess an exceptional clarity of
                  | mind. [potion of mutation]
  2154 | D:1      | Gained mutation: Your magical capacity is low. (-10% MP)
                  | [potion of mutation]
  2277 | D:2      | Noticed Natasha
  2281 | D:2      | Killed Natasha
  2498 | D:2      | Reached XP level 6. HP: 36/45 MP: 9/9
  3326 | D:3      | Found a faded altar of an unknown god.
  3390 | D:3      | Found a shimmering blue altar of Sif Muna.
  3423 | D:3      | Found an ancient bone altar of Kikubaaqudgha.
  3987 | D:4      | Found a bloodstained altar of Trog.
  4544 | D:2      | Killed Sigmund
  4545 | D:2      | Your scales start taking on a fiery red colour.
  4545 | D:2      | Reached XP level 7. HP: 40/50 MP: 2/10
  4545 | D:2      | Gained mutation: Your flesh is heat resistant. (rF+) [Red
                  | Draconian growth]
  4694 | D:2      | Found a runed translucent door.
  4695 | D:2      | Noticed Crazy Yiuf
  4701 | D:2      | Killed Crazy Yiuf
  4877 | D:2      | Learned a level 5 spell: Iskenderun's Battlesphere
  4920 | D:5      | Entered Level 5 of the Dungeon
  5077 | D:5      | Noticed Pikel
  5095 | D:4      | Killed Pikel
  5096 | D:4      | Reached XP level 8. HP: 25/63 MP: 8/12
  5252 | D:5      | Found Nulion's Jewellery Shop.
  5365 | D:4      | Learned a level 4 spell: Iskenderun's Mystic Blast
  6119 | D:5      | Reached skill level 10 in Conjurations
  6133 | D:5      | Reached skill level 5 in Spellcasting
  6832 | D:5      | Found a staircase to the Ecumenical Temple.
  6833 | D:5      | Noticed Grinder
  6848 | D:5      | Killed Grinder
  7147 | Temple   | Entered the Ecumenical Temple
  7170 | Temple   | Became a worshipper of Vehumet
  7216 | D:5      | Reached XP level 9. HP: 69/69 MP: 5/14
  7278 | D:5      | Found a stormy altar of Qazlal.
  8525 | D:5      | Found a large runed translucent door.
  8525 | D:5      | Found a large runed translucent door.
  8584 | D:5      | Found a large runed translucent door.
  8584 | D:5      | Found a large runed translucent door.
  8676 | D:5      | Noticed a two-headed ogre
  8869 | D:5      | Killed a two-headed ogre
  9178 | D:5      | Reached * piety under Vehumet
  9178 | D:5      | Offered knowledge of Foxfire by Vehumet.
  9277 | D:5      | Got the Directory of the Black Widow and Conjuration
  9338 | D:5      | Learned a level 1 spell: Foxfire
  9380 | D:6      | Found a sand-covered staircase.
  9385 | Ossuary  | Entered an ossuary
 10424 | Ossuary  | Reached ** piety under Vehumet
 10426 | Ossuary  | Offered knowledge of Scorch by Vehumet.
 10430 | Ossuary  | Learned a level 2 spell: Scorch
 10620 | Ossuary  | Noticed Menkaure
 10628 | Ossuary  | Killed Menkaure
 10629 | Ossuary  | Reached skill level 1 in Fire Magic
 11320 | D:6      | Reached XP level 10. HP: 72/77 MP: 3/17
 11461 | D:6      | Reached skill level 2 in Fire Magic
 12324 | D:6      | Offered knowledge of Hailstorm by Vehumet.
 12899 | D:7      | Reached skill level 3 in Fire Magic
 13260 | D:7      | Noticed a purple ugly thing
 13365 | D:7      | Upgraded the game from 0.30-a0-571-gdf30a72648 to
                  | 0.30-a0-576-g89cddaab80
 13666 | D:7      | Found a hide-covered altar of Uskayaw.
 13759 | D:7      | Reached skill level 4 in Fire Magic
 13876 | D:7      | Killed a purple ugly thing
 13877 | D:7      | Reached skill level 5 in Fire Magic
 14233 | D:7      | Found Jopsuym's Island Escapes.
 14472 | D:7      | Learned a level 3 spell: Stone Arrow
 14521 | D:8      | Found a staircase to the Lair.
 14560 | D:8      | Found a sacrificial altar of Ru.
 14583 | D:8      | Reached *** piety under Vehumet
 14945 | D:8      | Noticed a deep elf pyromancer
 14954 | D:8      | Found Kiufuna's Magic Scroll Shop.
 14993 | D:8      | Bought a scroll of fear for 48 gold pieces
 14993 | D:8      | Bought a scroll of identify for 24 gold pieces
 14993 | D:8      | Bought a scroll of identify for 24 gold pieces
 15116 | D:8      | Found a broken altar of Ashenzari.
 15208 | D:8      | Found Xushey's Antique Armour Emporium.
 15640 | D:8      | Found Ytostorph's Armour Shoppe.
 15640 | D:8      | Found Fomagoaf's Book Emporium.
 15681 | D:8      | Lost mutation: You possess an exceptional clarity of mind.
                  | [potion of mutation]
 15681 | D:8      | Lost mutation: You are strong-willed. (Will+) [potion of
                  | mutation]
 15681 | D:8      | Gained mutation: You have hidden genetic potential. [potion
                  | of mutation]
 15799 | D:9      | Reached skill level 1 in Evocations
 15931 | D:9      | Offered knowledge of Flame Wave by Vehumet.
 15942 | D:9      | Reached XP level 11. HP: 78/82 MP: 13/21
 15947 | D:9      | Learned a level 4 spell: Flame Wave
 15956 | D:9      | Found the Hermit's Pendant {Faith Invo=14 Evo=0 MP+5}
 16012 | D:9      | Found a staircase to the Orcish Mines.
 16101 | D:9      | Noticed Erica
 16132 | D:9      | Killed Erica
 16133 | D:9      | Reached skill level 6 in Fire Magic
 16457 | D:9      | Found a glowing golden altar of the Shining One.
 16542 | D:10     | Entered Level 10 of the Dungeon
 16731 | D:10     | Reached skill level 7 in Fire Magic
 16846 | D:10     | Identified the +3 trident of Siegoteg {holy, rF+ Int+4}
 16890 | D:10     | Reached **** piety under Vehumet
 16903 | D:10     | Reached skill level 5 in Evocations
 16910 | D:10     | Learned a level 6 spell: Iron Shot
 16939 | D:10     | Offered knowledge of Kindle Blastsparks by Vehumet.
 16969 | D:10     | Found Xomiap's Book Boutique.
 16977 | D:10     | Bought a book of Fire for 420 gold pieces
 16986 | D:10     | Learned a level 6 spell: Starburst
 17127 | D:10     | Reached skill level 1 in Earth Magic
 17135 | D:10     | Gained mutation: Your tail ends in a venomous barb. [hidden
                  | potential]
 17381 | Lair:1   | Entered Level 1 of the Lair of Beasts
 17523 | Lair:1   | Noticed Joseph
 17529 | Lair:1   | Killed Joseph
 17570 | Lair:1   | Found a stormy altar of Qazlal.
 18638 | Lair:2   | Identified a scroll of acquirement
 18639 | Lair:2   | Acquired 722 gold pieces
 18820 | Lair:2   | Noticed a five-headed hydra
 18826 | Lair:2   | Killed a five-headed hydra
 18945 | Lair:2   | Reached XP level 12. HP: 89/89 MP: 12/22
 19788 | Lair:3   | Found a staircase to the Swamp.
 19793 | Lair:3   | Reached skill level 5 in Earth Magic
 19793 | Lair:3   | Reached ***** piety under Vehumet
 19794 | Lair:3   | Offered knowledge of Lee's Rapid Deconstruction by Vehumet.
 19916 | Lair:3   | Gained mutation: You are agile. (Dex +4, Str/Int -1)
                  | [hidden potential]
 19916 | Lair:3   | Lost mutation: You have hidden genetic potential. [hidden
                  | potential expressed]
 19924 | Lair:3   | Reached skill level 10 in Spellcasting
 20072 | Lair:3   | Lost mutation: You are agile. (Dex +4, Str/Int -1) [potion
                  | of mutation]
 20072 | Lair:3   | Lost mutation: Your magical capacity is low. (-10% MP)
                  | [potion of mutation]
 20072 | Lair:3   | Gained mutation: Potions are less effective at restoring
                  | your health. [potion of mutation]
 20073 | Lair:3   | Lost mutation: Potions are less effective at restoring your
                  | health. [potion of mutation]
 20073 | Lair:3   | Lost mutation: Your tail ends in a venomous barb. [potion
                  | of mutation]
 20073 | Lair:3   | Gained mutation: You have hidden genetic potential. [potion
                  | of mutation]
 20282 | Lair:3   | Learned a level 5 spell: Fireball
 20313 | Lair:3   | Reached skill level 15 in Conjurations
 20367 | Lair:3   | Found a staircase to the Snake Pit.
 21386 | Lair:4   | Reached XP level 13. HP: 94/94 MP: 13/28
 21392 | Lair:4   | Reached skill level 8 in Fire Magic
 21858 | Lair:5   | Entered Level 5 of the Lair of Beasts
 21926 | Lair:5   | Reached skill level 9 in Fire Magic
 22052 | Lair:5   | Gained mutation: Your flesh is very heat resistant. (rF++)
                  | [hidden potential]
 22091 | Lair:5   | Offered knowledge of Sticky Flame by Vehumet.
 22097 | Lair:5   | Learned a level 4 spell: Sticky Flame
 23022 | Lair:5   | Found a runed translucent door.
 23022 | Lair:5   | Found a viscous altar of Jiyva.
 23031 | Lair:5   | Found a staircase to the Slime Pits.
 23267 | Orc:1    | Entered Level 1 of the Orcish Mines
 23267 | Orc:1    | Noticed Harold
 23268 | Orc:1    | Noticed Urug
 23272 | Orc:1    | Killed Harold
 23273 | Orc:1    | Killed Urug
 23274 | Orc:1    | Reached skill level 10 in Fire Magic
 23473 | Orc:1    | You fall into a shaft and drop 1 floor!
 23473 | Orc:2    | Entered Level 2 of the Orcish Mines
 23690 | Orc:1    | Noticed Snorg
 23700 | Orc:1    | Killed Snorg
 23701 | Orc:1    | Reached XP level 14. HP: 102/102 MP: 17/31
 23713 | Orc:1    | Noticed an orc warlord
 23720 | Orc:1    | Killed an orc warlord
 23743 | Orc:1    | Found Olyhofis's Gadget Gallery.
 23898 | Orc:2    | Found Zoimox's Vocational Training.
 24032 | Orc:2    | Found a staircase to the Elven Halls.
 24878 | Orc:2    | Reached skill level 11 in Fire Magic
 24884 | Orc:2    | Found Fiatwu Qaica's Magic Scroll Emporium.
 24884 | Orc:2    | Found Xosadoh's Antique Weapon Shop.
 24886 | Orc:2    | Found Roudiuj's Distillery.
 24886 | Orc:2    | Found Qizahaep's Antique Armour Shop.
 24888 | Orc:2    | Gained mutation: Your muscles are strong. (Str +4, Int/Dex
                  | -1) [hidden potential]
 24888 | Orc:2    | Lost mutation: You have hidden genetic potential. [hidden
                  | potential expressed]
 24938 | Orc:2    | Bought a scroll of butterflies for 48 gold pieces
 25123 | D:8      | Bought a manual of Dodging for 1280 gold pieces
 25210 | Orc:1    | Bought a phantom mirror for 640 gold pieces
 25296 | Orc:2    | Bought a scroll of identify for 24 gold pieces
 25296 | Orc:2    | Bought a scroll of identify for 24 gold pieces
 25411 | D:11     | Found a gate leading to a gauntlet.
 25427 | Gauntlet | Entered a Gauntlet
 25427 | Gauntlet | Found a transporter.
 25427 | Gauntlet | Found a transporter.
 25439 | Gauntlet | Found a transporter.
 25440 | Gauntlet | Found a transporter.
 25448 | Gauntlet | Found a transporter.
 25453 | Gauntlet | Found a transporter.
 25459 | Gauntlet | Noticed a quicksilver ooze
 25468 | Gauntlet | Found a transporter.
 25476 | Gauntlet | Found a transporter.
 25493 | Gauntlet | Found a transporter.
 25494 | Gauntlet | Found a transporter.
 25496 | Gauntlet | Found a runed translucent door.
 25498 | Gauntlet | Found a runed translucent door.
 25502 | Gauntlet | Found a transporter.
 25506 | Gauntlet | Found a transporter.
 25861 | Gauntlet | Identified the amulet "Tiecsyno" {Reflect Harm rCorr SH+5}
 25918 | Gauntlet | Identified the +6 whip "Docagrem" {antimagic, rN+}
 25975 | D:11     | Found Jedghie's Antique Weapon Shop.
 26054 | D:11     | Reached skill level 5 in Dodging
 26821 | D:11     | Offered knowledge of Freezing Cloud by Vehumet.
 26879 | D:11     | Identified the +7 chain mail of the Vaults {rElec rN++}
 27633 | D:11     | Noticed Maurice
 27636 | D:11     | Killed Maurice
 27778 | D:11     | Identified the +1 spear of Discretion {spect, Will+ Str+4}
 28486 | D:11     | Learned a level 7 spell: Spellforged Servitor
 28515 | D:12     | Reached XP level 15. HP: 107/107 MP: 33/33
 29066 | D:13     | Reached skill level 10 in Dodging
 29547 | D:13     | Noticed Josephine
 29556 | D:13     | Killed Josephine
 29560 | D:13     | Noticed Sonja
 29561 | D:13     | Killed Sonja
 30134 | D:14     | Identified the +2 whip of Oozing Pus {protect, rPois Str+2}
 30159 | D:14     | Noticed Agnes
 30162 | D:14     | Killed Agnes
 30633 | D:14     | Offered knowledge of Ozocubu's Refrigeration by Vehumet.
 30998 | D:14     | Found a gate to the Vaults.
 31748 | D:14     | Reached skill level 15 in Spellcasting
 31782 | D:14     | Identified the +6 scale mail of the Tarantula {*Corrode
                  | rElec rPois Dex+3}
 32000 | Orc:2    | Bought a runed kite shield for 217 gold pieces
 32193 | D:5      | Bought the ring "Soruxywk" {rC+ MP+9} for 374 gold pieces
 32246 | D:5      | Identified the +1 sling "Beast's Regret" {drain, rPois
                  | Int-3 Dex+4}
 32464 | D:15     | Entered Level 15 of the Dungeon
 32526 | D:15     | Reached skill level 1 in Summonings
 32528 | D:15     | Reached skill level 1 in Shields
 32529 | D:15     | Noticed Kirke
 32918 | D:15     | Killed Kirke
 33709 | D:15     | Offered knowledge of Arcjolt by Vehumet.
 33714 | D:15     | Learned a level 3 spell: Summon Guardian Golem
 33742 | D:15     | Reached skill level 12 in Fire Magic
 33839 | D:15     | Found an opulent altar of Gozag.
 33980 | D:15     | Reached XP level 16. HP: 114/114 MP: 16/35
 34090 | D:15     | Found a staircase to the Depths.
 34454 | Orc:2    | Bought a potion of might for 48 gold pieces
 34454 | Orc:2    | Bought 2 potions of might for 96 gold pieces
 34454 | Orc:2    | Bought a potion of heal wounds for 60 gold pieces
 34675 | Snake:1  | Entered Level 1 of the Snake Pit
 34795 | Snake:1  | Reached skill level 13 in Fire Magic
 36264 | Snake:2  | Reached skill level 5 in Summonings
 36303 | Snake:2  | Found Fefaef's Magic Scroll Shoppe.
 36307 | Snake:2  | Found Ciesm's Antique Armour Emporium.
 36308 | Snake:2  | Found Puidoriubb's Antique Armour Shoppe.
 36309 | Snake:2  | You fall into a shaft and drop 1 floor!
 36313 | Snake:3  | Reached skill level 14 in Fire Magic
 36910 | Snake:2  | Reached skill level 5 in Shields
 37088 | Snake:2  | Offered knowledge of Conjure Ball Lightning by Vehumet.
 37101 | Snake:2  | Reached skill level 15 in Fire Magic
 37450 | Snake:3  | Reached ****** piety under Vehumet
 37634 | Snake:3  | Found a glowing silver altar of Zin.
 38079 | Snake:2  | Reached skill level 16 in Fire Magic
 38114 | Snake:2  | Found a burning altar of Makhleb.
 38687 | Snake:2  | Reached XP level 17. HP: 72/115 MP: 17/36
 41030 | Snake:3  | Reached skill level 17 in Fire Magic
 41030 | Snake:3  | Noticed Louise
 41043 | Snake:3  | Killed Louise
 41617 | D:11     | Bought an ancient broad axe for 243 gold pieces
 41617 | D:11     | Identified the +8 broad axe "Tufrefy" {speed, Will+} (You
                  | bought it in a shop on level 11 of the Dungeon)
 41967 | Snake:4  | Entered Level 4 of the Snake Pit
 42706 | Snake:4  | Found a shimmering blue altar of Sif Muna.
 42916 | Snake:4  | Offered knowledge of Ignition by Vehumet.
 43105 | Snake:4  | Learned a level 8 spell: Ignition
 43603 | Snake:4  | Killed from afar by a shock serpent

Illustrated notes

Levels and vault maps discovered:
D:1:      minmay_arrival_up_and_down, layout_rooms, minmay_ruptured
D:2:      layout_basic, uniq_sigmund, uniq_natasha, uniq_crazy_yiuf_cottage
D:3:      layout_basic, mainiacjoe_overflow_two_lobes,
          dreamdust_ecumenical_altar_sealed_demon
D:4:      layout_basic, bloody_trog, minmay_pentomino_pile
D:5:      layout_rooms, nicolae_qazlal_scattered_showers, temple_green,
          serial_undead, serial_undead_b, serial_undead_c, serial_undead_d,
          serial_undead_d, serial_undead_f, serial_undead_e, serial_undead_d,
          serial_undead_a, serial_undead_c, serial_undead_d, serial_shops, shop,
          dreamdust_princess_corridor, minmay_misc_feat_nine_boxes,
          minmay_hollow_rounded_squares, uniq_grinder, uniq_pikel
D:6:      layout_basic, enter_ossuary_2, nicolae_eternal_life
D:7:      minmay_cornered_nines, layout_loops_ring, kennysheep_little_box,
          st_stairs_7, nicolae_island_escapes
D:8:      layout_gridville, evilmike_ruin_ashenzari, hangedman_ru_absence,
          dpeg_oklobed_lair, serial_shops, shop, shop_statue,
          nicolae_shop_stone, shop, chequers_serial_rivers_room_b, wad_dig_loot
D:9:      layout_small_grid, marbit_many_paths, orc_0_dummy, uniq_erica
D:10:     layout_long_grid, serial_shops, shop, nicolae_figureground_sparkle
D:11:     minmay_the_grid_square_5x5_5x5 [minmay_the_grid_square_5x5_slash,
          minmay_the_grid_square_5x5_lines, minmay_the_grid_square_5x5_inner_i,
          minmay_the_grid_square_5x5_spiral, minmay_the_grid_square_5x5_detours,
          minmay_the_grid_square_5x5_three_walls,
          minmay_the_grid_square_5x5_prize_rear_guard,
          minmay_the_grid_square_5x5_two_walls_b,
          minmay_the_grid_square_5x5_prize_pseudospiral,
          minmay_the_grid_square_5x5_v, minmay_the_grid_square_5x5_shuriken,
          minmay_the_grid_square_5x5_z, minmay_the_grid_square_5x5_prize_waves,
          minmay_the_grid_square_5x5_checkered, minmay_the_grid_square_5x5_c,
          minmay_the_grid_square_5x5_broken_cross,
          minmay_the_grid_square_5x5_prize_open,
          minmay_the_grid_square_5x5_beaten_path,
          minmay_the_grid_square_5x5_prize_itemx,
          minmay_the_grid_square_5x5_longway,
          minmay_the_grid_square_5x5_checkered_statues,
          minmay_the_grid_square_5x5_mess,
          minmay_the_grid_square_5x5_fancy_junction,
          minmay_the_grid_square_5x5_two_small,
          minmay_the_grid_square_5x5_eight], layout_basic,
          gauntlet_entry_generic, serial_shops, shop_coins, uniq_maurice
D:12:     layout_cave_pools
D:13:     layout_rooms, uniq_josephine, uniq_sonja
D:14:     minmay_octagon_keep, layout_layer_cave, david_vaults_4,
          chequers_mini_garden, uniq_agnes
D:15:     grunt_enter_depths_snipers, layout_small_grid, grunt_gozag_statues,
          uniq_kirke
Temple:   nicolae_temple_superstar
Lair:1:   layout_regular_city, basic_altar, uniq_joseph
Lair:2:   layout_long_grid, beast_lair_carwin_5, grunt_megastairs_1
Lair:3:   layout_small_grid, minmay_swamp_entry_swarm, dummy_snake_entry
Lair:4:   layout_small_grid
Lair:5:   grunt_lair_end_beastmaster, layout_misc_corridors, slime_entry_2,
          serial_bayou_ford_a
Snake:1:  nicolae_snake_hallway, layout_chambers, hangedman_snake_sidewinding
Snake:2:  layout_rooms, lemuel_oklob_altar, minmay_shop_star
Snake:3:  layout_cave_pods, basic_altar, uniq_louise
Snake:4:  johnstein_snake_rune_scales, layout_cave_town, basic_altar
Orc:1:    layout_caves, basic_altar, nicolae_shop_gadgets, uniq_urug,
          uniq_harold, uniq_snorg
Orc:2:    grunt_orc_tribal_feast, layout_caves, nicolae_shop_vocational

Skill      XL: |  1  2  3  4  5  6  7  8  9 10 11 12 13 14 15 16 17 |
---------------+----------------------------------------------------+-----
Conjurations   | 5 6 8 9 11 12 13 15 16 | 16.4
Spellcasting   | 3 4 5 6 9 11 13 14 15 | 15.4
Fighting       | 3 |  3.0
Dodging        | 3 9 13 | 13.0
Fire Magic     | 1 5 7 10 11 12 16 17 | 17.0
Evocations     | 3 6 7 9 |  9.0
Earth Magic    | 4 5 8 9 |  9.0
Summonings     | 3 7 |  7.0
Shields        | 3 5 7 |  7.0
Stealth        | |  1.7

Action                   |  1- 3 |  4- 6 |  7- 9 | 10-12 | 13-15 | 16-18 || total
-------------------------+-------+-------+-------+-------+-------+-------++-------
Melee: Unarmed           |     7 |       |       |       |    12 |       ||    19
       Dagger            |     4 |    23 |    75 |     5 |       |       ||   107
       Tailslap          |       |     4 |    11 |     4 |       |     2 ||    21
       Trident           |       |       |       |     8 |    16 |     9 ||    33
       Broad axe         |       |       |       |       |       |     1 ||     1
 Cast: Magic Dart        |    21 |    44 |    74 |       |       |       ||   139
       Searing Ray       |     7 |    27 |    40 |    12 |       |       ||    86
       Iskenderun's Batt |       |       |    13 |    80 |    95 |   103 ||   291
       Iskenderun's Myst |       |       |    17 |    24 |    11 |     4 ||    56
       Foxfire           |       |       |   126 |   328 |   236 |   134 ||   824
       Scorch            |       |       |    11 |    21 |     5 |    19 ||    56
       Stone Arrow       |       |       |       |     9 |       |       ||     9
       Starburst         |       |       |       |    34 |    75 |    31 ||   140
       Flame Wave        |       |       |       |     2 |       |       ||     2
       Fireball          |       |       |       |     9 |    43 |    39 ||    91
       Iron Shot         |       |       |       |       |   181 |   151 ||   332
       Sticky Flame      |       |       |       |       |     2 |     1 ||     3
       Spellforged Servi |       |       |       |       |       |    25 ||    25
       Summon Guardian G |       |       |       |       |       |    14 ||    14
       Ignition          |       |       |       |       |       |     9 ||     9
 Abil: Breathe Fire      |       |       |    20 |    11 |    15 |     8 ||    54
Evoke: Wand              |       |       |       |     1 |       |     2 ||     3
       Lightning rod     |       |       |       |     5 |     4 |     6 ||    15
       Phial of floods   |       |       |       |       |     1 |     2 ||     3
       Phantom mirror    |       |       |       |       |     1 |       ||     1
       Tin of tremorston |       |       |       |       |       |     2 ||     2
  Use: Scroll            |       |     4 |     3 |    18 |    12 |     3 ||    40
       Potion            |       |     2 |     2 |     3 |     8 |     1 ||    16
Armor: Skin              |     4 |    16 |    70 |    30 |    55 |    26 ||   201
Dodge: Dodged            |    10 |    21 |    95 |    35 |   124 |    85 ||   370
Block: Other             |       |       |    23 |     2 |       |       ||    25
       Buckler           |       |       |       |       |     9 |    19 ||    28

Table legend: (Time is in decaauts)
 A = Elapsed time spent in this place.
 B = Non-inter-level travel time spent in this place.
 C = Inter-level travel time spent in this place.
 D = Time resting spent in this place.
 E = Time spent auto-exploring this place.
 F = Levels seen in this place.
 G = Mean time per level.
                   A        B        C        D        E       F      G
               +--------+--------+--------+--------+--------+-----+--------+
         Total |  43668 |  40350 |   3318 |  13805 |  19029 |  29 | 1505.8 |
       Dungeon |  24742 |  22876 |   1866 |   7497 |  12044 |  15 | 1649.5 |
        Temple |     46 |     24 |     22 |      0 |     12 |   1 |   46.0 |
          Lair |   6136 |   5640 |    496 |   1112 |   3368 |   5 | 1227.2 |
     Snake Pit |   8332 |   7978 |    354 |   3990 |   2042 |   4 | 2083.0 |
  Orcish Mines |   2354 |   1775 |    579 |    632 |    719 |   2 | 1177.0 |
       Ossuary |   1556 |   1556 |      0 |    393 |    844 |   1 | 1556.0 |
      Gauntlet |    498 |    498 |      0 |    181 |      0 |   1 |  498.0 |
               +--------+--------+--------+--------+--------+-----+--------+

Top non-repeatable levels by time:
     D:4: 3058 daAuts
     D:5: 2789 daAuts
    D:11: 2731 daAuts
 Snake:2: 2620 daAuts
    D:14: 2523 daAuts
 Snake:1: 2429 daAuts
 Snake:3: 2029 daAuts
     D:6: 1987 daAuts
     D:7: 1760 daAuts
   Orc:2: 1749 daAuts
 Ossuary: 1556 daAuts
     D:8: 1456 daAuts
  Lair:3: 1449 daAuts
     D:3: 1284 daAuts
  Lair:5: 1283 daAuts
